 Dungeon Crawl Stone Soup version 0.28.0-1-gb440e238dd (webtiles) character file.

Game seed: 6807918088690861163

197 NazoDungeon the Covered (level 6, -5/47 HPs)
             Began as a Human Fighter on Feb 23, 2022.
             Was an Initiate of Zin.
             Slain by an ogre (29 damage)
             ... on level 4 of the Dungeon.
             The game lasted 00:24:15 (3148 turns).

NazoDungeon the Covered (Human Fighter)             Turns: 3148, Time: 00:24:21

Health: -5/47      AC:  8    Str: 18    XL:     6   Next: 5%
Magic:  6/6        EV: 10    Int:  8    God:    Zin [......]
Gold:   101        SH: 11    Dex: 19    Spells: 5/5 levels left

rFire   . . .      SeeInvis .   h - +1 dagger (venom)
rCold   . . .      Faith    .   c - +0 buckler
rNeg    . . .      Spirit   .   b - +0 scale mail
rPois   .          Reflect  +   (no helmet)
rElec   .          Harm     .   (no cloak)
rCorr   .          Rampage  .   f - +0 pair of gloves
Will    +....                   (no boots)
Stlth   ..........              m - amulet of reflection
HPRegen 0.15/turn               e - +6 ring of dexterity
MPRegen 0.10/turn               x - ring of willpower

@: mighty
A: no striking features
a: Renounce Religion, Donate Gold


You were on level 4 of the Dungeon.
You worshipped Zin.
Zin was noncommittal.
You visited 1 branch of the dungeon, and saw 4 of its levels.

You collected 112 gold pieces.
You donated 11 gold pieces to Zin.

Inventory:

Hand Weapons
 a - a +0 long sword
 h - a +1 dagger of venom (weapon)
 k - a +0 whip
 o - a +0 hand axe
 q - a +0 mace
 t - a +0 hunting sling
Missiles
 p - 70 stones (quivered)
 r - 15 sling bullets
 v - 3 atropa-tipped darts
 C - 13 bolts
Armour
 b - a +0 scale mail (worn)
 c - a +0 buckler (worn)
 f - a +0 pair of gloves (worn)
 g - a +0 scale mail
 n - a +0 leather armour
Jewellery
 e - a +6 ring of dexterity (left hand)
 m - an amulet of reflection (around neck)
 x - a ring of willpower (right hand)
 A - an amulet of the acrobat
Scrolls
 d - a scroll of holy word {unknown}
 i - 3 scrolls of identify {unknown}
 l - a scroll of summoning {unknown}
 w - a scroll of enchant armour {unknown}
 y - a scroll of teleportation {unknown}
 B - a scroll of fog {unknown}
 D - a scroll of magic mapping {unknown}
Potions
 j - a potion of lignification {unknown}
 s - 2 potions of curing {unknown}
 u - a potion of cancellation {unknown}
 z - a potion of flight {unknown}


   Skills:
 + Level 3.4 Fighting
 + Level 1.2(2.0) Short Blades
 + Level 2.4(2.6) Long Blades
 + Level 4.4 Armour
 + Level 1.4 Dodging
 + Level 0.1 Stealth
 + Level 4.0 Shields


You had 5 spell levels left.
You didn't know any spells.
Your spell library contained the following spells:

 Spells                   Type           Power      Damage    Failure   Level
 Ensorcelled Hibernation  Hex/Ice        0%         N/A       95%         2
 Passwall                 Tmut/Erth      0%         N/A       95%         2
 Swiftness                Air            0%         N/A       99%         3


Dungeon Overview and Level Annotations

Branches:
Dungeon (4/15)
 Temple: D:4-7

Altars:
Xom
Zin

Annotations:
D:3 2 transporters


Message History

The necrophage is almost destroyed.
The necrophage hits you but does no damage.
You hit the necrophage.
You destroy the necrophage!
Zin accepts your kill.
Your life force feels restored.
Your Short Blades skill increases to level 1!
Your Dodging skill increases to level 1!
You have reached level 5!
d - a scroll labelled RAFUIFIEHA
Found a stone staircase leading down.
You pay a tithe of 2 gold.
Zin ignores your late donation.
You now have 101 gold pieces (gained 15).
You see here a +0 robe.
An iguana comes into view.
The iguana hisses angrily.
You see here a scroll labelled PATHER EPAECIMN.
The iguana hisses menacingly.
You puncture the iguana!
The iguana looks as sick as possible!
The iguana is severely wounded.
The iguana bites you!
You puncture the iguana!
You kill the iguana!
Your Shields skill increases to level 4!
You have reached level 6!
D - a scroll labelled PATHER EPAECIMN
There are no items here.
An ogre comes into view. It is wielding a +0 giant club.
Found 7 gold pieces.
The ogre shouts!
Found a stone staircase leading down.
A hound comes into view.
The hound barks!
You puncture the ogre!
The ogre is poisoned.
The ogre is moderately wounded.
The ogre hits you with a +0 giant club!!
Ouch! That really hurt!
You die...
Xom laughs nastily!

∆ #..##.#..
........###..# .#
#......#.##.# #
..####........#.# .##
................#+#...
....................#
..................#
.................##
................@.#
#..[...........#O.#
##...........###..#∆
###.......### #....
##.........## >.....#
##.#........# .......#
##..<..##....>....h.....
##÷.)...#..#..###$...#..
#..........#### #.....#


You could see an ogre (very poisoned) and a hound.

Vanquished Creatures
  A necrophage (D:4)
  An iguana (D:4)
  2 adders (D:2)
  A dart slug (D:1)
  4 orcs (D:3)
  3 bats
  6 endoplasms
  4 giant cockroaches
  5 goblins
  3 hobgoblins
  8 jackals
  7 quokkas
  3 ball pythons
  A frilled lizard (D:2)
  4 kobolds
  6 rats
59 creatures vanquished.

Vanquished Creatures (others)
  3 fungi (D:1)
  8 plants (D:1)
11 creatures vanquished.

Grand Total: 70 creatures vanquished

Notes
Turn   | Place    | Note
-------+----------+-------------------------------------------
     0 | D:1      | NazoDungeon the Human Fighter began the quest for the Orb.
     0 | D:1      | Reached XP level 1. HP: 18/18 MP: 1/1
   179 | D:1      | Reached XP level 2. HP: 13/24 MP: 2/2
   721 | D:1      | Reached XP level 3. HP: 25/29 MP: 3/3
   810 | D:1      | Found a faded altar of an unknown god.
   823 | D:1      | Prayed at the altar of an unknown god.
   823 | D:1      | Became a worshipper of Xom of Chaos
   878 | D:1      | XOM: silly message
  1244 | D:2      | XOM: smoke on damage
  1532 | D:2      | Reached XP level 4. HP: 35/35 MP: 4/4
  1738 | D:2      | XOM: silly message
  1781 | D:2      | Found a glowing silver altar of Zin.
  2093 | D:3      | Found a transporter.
  2114 | D:3      | Found a transporter.
  2302 | D:3      | XOM: 5-stop teleportation journey
  2588 | D:4      | Noticed a necrophage
  2623 | D:4      | XOM: divination: detect items
  2633 | D:4      | XOM: confuse monster(s)
  2826 | D:3      | XOM: 2-stop teleportation journey
  2917 | D:2      | Fell from the grace of Xom
  2917 | D:2      | Became a worshipper of Zin the Law-Giver
  3108 | D:4      | Killed a necrophage
  3109 | D:4      | Reached skill level 1 in Short Blades
  3109 | D:4      | Reached skill level 1 in Dodging
  3109 | D:4      | Reached XP level 5. HP: 23/41 MP: 5/5
  3136 | D:4      | Reached XP level 6. HP: 22/47 MP: 6/6
  3144 | D:4      | Noticed an ogre
  3148 | D:4      | Slain by an ogre

Illustrated notes

Levels and vault maps discovered:
D:1:      saegor_arrival_simple_e, layout_basic,
          shapermc_ecumenical_altar_mp_ritualfount
D:2:      layout_basic, basic_altar, lightli_corner_chamber
D:3:      gammafunk_steamed_eel, layout_loops_corners
D:4:      layout_cave_pools, mainiacjoe_overflow_surrounded_room, minivault_5,
          uniq_pargi

Skill      XL: |  1  2  3  4  5 |
---------------+----------------+-----
Armour         | 4 |  4.4
Short Blades   | 1 |  1.2
Dodging        | 1 |  1.4
Shields        | 4 |  4.0
Fighting       | |  3.4
Long Blades    | |  2.4
Stealth        | |  0.1

Action                   |  1- 3 |  4- 6 || total
-------------------------+-------+-------++-------
Melee: Long sword        |    31 |       ||    31
       Dagger            |    87 |   114 ||   201
  Use: Potion            |       |     1 ||     1
Armor: Scale mail        |    67 |    60 ||   127
Dodge: Dodged            |    59 |    60 ||   119
Block: Buckler           |    72 |    89 ||   161
       Reflection        |     1 |       ||     1
